 Dungeon Crawl Stone Soup version 0.28.0-43-g3370ac3207 (webtiles) character file.

Game seed: 12195604453023202210

7552 adizb the Protected (level 10, -5/61 (80) HPs)
             Began as a Demonspawn Fighter on Mar 10, 2022.
             Was an Initiate of Ru.
             Killed from afar by Nergalle (24 damage)
             ... with a bolt of negative energy
             ... on level 10 of the Dungeon.
             The game lasted 01:02:12 (10107 turns).

adizb the Protected (Demonspawn Fighter)           Turns: 10107, Time: 01:02:16

HP:   -5/61 (80)    AC: 18    Str: 18    XL:     10   Next: 96%
MP:   18/18         EV: 11    Int: 16    God:    Ru [......]
Gold: 421           SH:  0    Dex: 15    Spells: 12/20 levels left

rFire   . . .      SeeInvis .   d - +4 quarterstaff (chaos)
rCold   . . .      Faith    .   (shield currently unavailable)
rNeg    . . .      Spirit   .   B - +0 ring mail
rPois   .          Reflect  .   o - +2 helmet
rElec   +          Harm     .   e - +2 cloak
rCorr   .          Rampage  .   n - +1 pair of gloves
Will    .....      Rage     3%  (no boots)
Stlth   +.........              (no amulet)
HPRegen 0.20/turn               p - +6 ring of intelligence
MPRegen 0.16/turn               f - ring of flight

@: on berserk cooldown, flying, slowed, heavily drained, very slow
A: yellow scales 2, foul stench 1, demonic magic 2, berserk 2, electricity
resistance, MP-powered wands
a: Renounce Religion


You were on level 10 of the Dungeon.
You worshipped Ru.
Ru was noncommittal.
You visited 2 branches of the dungeon, and saw 11 of its levels.
You also visited: Sewer.

You collected 421 gold pieces.

Inventory:

Hand Weapons
 a - a +0 flail
 d - a +4 quarterstaff of chaos (weapon)
 s - a +5 flail of freezing
 w - a +3 long sword of flaming
Missiles
 h - 13 poisoned darts
 G - 3 boomerangs
 H - a throwing net
Armour
 b - a +0 scale mail
 c - a +0 buckler
 e - a +2 cloak (worn)
 g - a +0 chain mail
 n - a +1 pair of gloves (worn)
 o - a +2 helmet (worn)
 B - a +0 ring mail (worn)
Jewellery
 f - a ring of flight (right hand)
 p - a +6 ring of intelligence (left hand)
Wands
 j - a wand of iceblast (7)
 y - a wand of polymorph (8)
 A - a wand of paralysis (3)
Scrolls
 i - a scroll of immolation {unknown}
 t - a scroll of silence {unknown}
 x - a scroll of summoning
 C - a scroll of identify
 E - a scroll of blinking
 F - a scroll of fear {unknown}
Potions
 l - 3 potions of magic
 m - a potion of resistance
 q - a potion of heal wounds
 r - 2 potions of haste {unknown}
 u - a potion of invisibility
 v - a potion of brilliance {unknown}
 z - a potion of berserk rage {unknown}
 D - a potion of lignification {unknown}
Miscellaneous
 k - a phantom mirror


   Skills:
 + Level 8.1 Fighting
 - Level 3.0(5.0) Maces & Flails
 + Level 6.2(6.6) Staves
 * Level 8.3 Armour
 + Level 2.5 Dodging
 - Level 3.6 Shields
 + Level 5.7 Spellcasting
 * Level 5.5 Translocations
 + Level 2.0 Poison Magic


You had 12 spell levels left.
You knew the following spells:

 Your Spells              Type           Power      Damage    Failure   Level
a - Blink                 Tloc           44%        N/A       3%          2
b - Manifold Assault      Tloc           22%        N/A       54%         5
c - Sting                 Tmut/Pois      28%        1d4       16%         1

Your spell library contained the following spells:

 Spells                   Type           Power      Damage    Failure   Level
 Lesser Beckoning         Tloc           22%        N/A       7%          3
 Foxfire                  Conj/Fire      16%        2x1d4     22%         1
 Poisonous Vapours        Pois/Air       14%        N/A       22%         2
 Corpse Rot               Necr/Air       8%         N/A       34%         2
 Sublimation of Blood     Necr           4%         N/A       34%         2
 Wereblood                Tmut           4%         N/A       34%         2
 Conjure Flame            Conj/Fire      4%         6-21      56%         3
 Inner Flame              Hex/Fire       4%         N/A       56%         3
 Stone Arrow              Conj/Erth      8%         3d7       56%         3
 Olgreb's Toxic Radiance  Pois           11%        N/A       69%         4
 Animate Armour           Summ/Erth      8%         N/A       92%         4
 Flame Wave               Conj/Fire      4%         2d5       92%         4
 Summon Hydra             Summ           2%         N/A       100%        7
 Lehudib's Crystal Spear  Conj/Erth      2%         10d2      100%        8


Dungeon Overview and Level Annotations

Branches:
Dungeon (10/15)            Temple (1/1) D:6           Sewer (visited)
   Lair: D:8-11         Orc: D:9-12

Altars:
Ashenzari
Cheibriados
Dithmenos
Elyvilon
Fedhas
Gozag
Hepliaklqana
Kikubaaqudgha
Makhleb
Nemelex Xobeh
Okawaru
Qazlal
Ru
Sif Muna
Trog
Uskayaw
Vehumet
Wu Jian
Xom
Yredelemnul
Zin
The Shining One

Annotations:
D:10 Nergalle


Innate Abilities, Weirdness & Mutations

You are mostly covered in yellow scales. (AC +3)
You may rarely emit foul miasma when damaged in melee.
Spells you cast may paralyse nearby enemies.
You often lose your temper in combat.
You are resistant to electric shocks. (rElec)
You expend magic power (3 MP) to strengthen your wands.


Message History

You feel drained. The gnoll closely misses you. The gnoll barely misses you.
Nergalle hits you but does no damage.
You feel drained. The spectral orc knight hits you.
You feel drained.
The spectral orc warrior hits you from afar with a +0 halberd.
Casting: Blink (safe; 3% risk of failure)
Press: ? - help, Q - select action, (/) - cycle Dir - look around, f - activate You blink.
Malevolent energies surge around you.
The gnoll suddenly stops moving!
Your magical contamination has completely faded away.
Nergalle gestures at you while chanting.
Orcish apparitions take form around you.
You feel stable enough to blink again.
The spectral orc hits you but does no damage.
The spectral orc closely misses you.
You see here a +0 whip.
You see here a throwing net.
H - a throwing net You closely miss the gnoll.
The gnoll hits you with a +0 flail.
A red film seems to cover your vision as you go berserk!
You feel yourself moving faster!
You feel mighty!
You sock the gnoll!
You kill the gnoll!
The spectral orc knight hits you.
You feel drained.
Nergalle gestures at you while chanting.
The bolt of negative energy hits you!
You feel drained.
The spectral orc knight hits you but does no damage.
You feel a strong urge to attack something.
You feel your anger nearly subside.
You are no longer berserk.
You are exhausted.
You feel yourself slow down.
The spectral orc knight hits you but does no damage.
The spectral orc knight hits you.
* * * LOW HITPOINT WARNING * * *
You hit the spectral orc knight but do no damage.
The spectral orc knight hits you but does no damage.
Nergalle gestures at you while chanting.
The bolt of negative energy hits the spectral orc knight.
The spectral orc knight completely resists.
The bolt of negative energy hits you!!
You feel drained.
You die...

#.....)o......... ..
#.g########..####..##
#..# #..# #..# #.Z#
#..# #..# #..# #..#
#..# #..# #..# #..#
#..# #..# #..#
#.o########..####..##
#..Z@................
#....................
#####################


You could see Nergalle and a spectral orc knight (summoned).

Vanquished Creatures
  A two-headed ogre (D:8)
  A troll (D:9)
  2 hornets
  A wyvern (D:9)
  5 yaks (D:9)
  A steam dragon (D:8)
  A vampire mosquito (D:7)
  Menkaure (D:6)
  4 water moccasins
  An acid dragon (D:9)
  2 orc warriors
  2 ice beasts (D:6)
  A sky beast (D:8)
  A black bear (D:6)
  A necrophage (D:5)
  2 ogres
  3 centaurs
  A phantom (D:5)
  3 kobold brigands
  3 scorpions (D:6)
  3 bullfrogs
  3 gnoll sergeants
  2 water moccasin zombies (D:7)
  A wyvern skeleton (D:7)
  7 killer bees
  8 wights
  A bullfrog zombie (D:5)
  2 jellies
  3 hounds
  2 centaur zombies
  4 orc priests
  Crazy Yiuf (D:2)
  A gnoll shaman (D:7)
  Jessica (D:2)
  A centaur skeleton (D:4)
  2 orc wizards
  An iguana (D:6)
  2 howler monkey zombies
  21 gnolls
  A howler monkey skeleton (D:5)
  14 adders
  12 river rats
  A white imp (D:6)
  A dart slug (D:1)
  17 orcs
  17 ball pythons
  6 endoplasms
  3 giant cockroaches
  5 goblins
  14 hobgoblins
  10 jackals
  19 kobolds
  2 quokkas (D:1)
  7 bats
  6 frilled lizards
  A quokka skeleton (D:3)
  25 rats
264 creatures vanquished.

Vanquished Creatures (collateral kills)
  2 killer bees (D:8)
2 creatures vanquished.

Vanquished Creatures (others)
  2 howler monkeys (D:8)
  2 fungi (D:10)
  18 plants
22 creatures vanquished.

Grand Total: 288 creatures vanquished

Notes
Turn   | Place    | Note
-------+----------+-------------------------------------------
     0 | D:1      | adizb the Demonspawn Fighter began the quest for the Orb.
     0 | D:1      | Reached XP level 1. HP: 18/18 MP: 1/1
    82 | D:1      | Gained mutation: You may rarely emit foul miasma when
                  | damaged in melee. [demonic ancestry]
    82 | D:1      | Reached XP level 2. HP: 21/24 MP: 2/2
   413 | D:1      | Reached skill level 1 in Dodging
   532 | D:1      | Reached XP level 3. HP: 27/29 MP: 3/3
   963 | D:2      | Found an iron altar of Okawaru.
  1110 | D:2      | Noticed Jessica
  1115 | D:2      | Killed Jessica
  1116 | D:2      | Gained mutation: You are partially covered in yellow
                  | scales. (AC +2) [demonic ancestry]
  1116 | D:2      | Reached XP level 4. HP: 36/36 MP: 4/4
  1131 | D:2      | Found a runed translucent door.
  1132 | D:2      | Noticed Crazy Yiuf
  1543 | D:2      | Gained mutation: You have a somewhat thin skeletal
                  | structure. (Dex +2, Stealth+) [potion of mutation]
  1543 | D:2      | Gained mutation: You are frail. (-10% HP) [potion of
                  | mutation]
  1543 | D:2      | Gained mutation: You sometimes lose the ability to read
                  | scrolls when taking damage. [potion of mutation]
  1543 | D:2      | Gained mutation: You possess an exceptional clarity of
                  | mind. [potion of mutation]
  1544 | D:2      | Lost mutation: You possess an exceptional clarity of mind.
                  | [potion of mutation]
  1544 | D:2      | Lost mutation: You have a somewhat thin skeletal structure.
                  | (Dex +2, Stealth+) [potion of mutation]
  1544 | D:2      | Gained mutation: You have supernaturally acute eyesight.
                  | (SInv) [potion of mutation]
  1544 | D:2      | Gained mutation: You possess an exceptional clarity of
                  | mind. [potion of mutation]
  1554 | D:2      | Killed Crazy Yiuf
  1765 | D:3      | Reached XP level 5. HP: 25/37 MP: 5/5
  2595 | D:4      | Reached XP level 6. HP: 40/43 MP: 6/6
  2903 | D:4      | Reached skill level 1 in Staves
  3262 | D:5      | Entered Level 5 of the Dungeon
  3279 | D:5      | Found a bloodstained altar of Trog.
  3439 | D:5      | Reached skill level 5 in Fighting
  3439 | D:5      | Gained mutation: Spells you cast may paralyse adjacent
                  | enemies. [demonic ancestry]
  3439 | D:5      | Reached XP level 7. HP: 41/50 MP: 7/7
  3495 | D:5      | Lost mutation: You possess an exceptional clarity of mind.
                  | [potion of mutation]
  3495 | D:5      | Lost mutation: You are frail. (-10% HP) [potion of
                  | mutation]
  3495 | D:5      | Lost mutation: You have supernaturally acute eyesight.
                  | (SInv) [potion of mutation]
  3495 | D:5      | Gained mutation: You are frail. (-10% HP) [potion of
                  | mutation]
  3495 | D:5      | Gained mutation: Your flesh is cold resistant. (rC+)
                  | [potion of mutation]
  3495 | D:5      | Gained mutation: You tend to lose your temper in combat.
                  | [potion of mutation]
  3495 | D:5      | Gained mutation: You are resistant to electric shocks.
                  | (rElec) [potion of mutation]
  3505 | D:5      | Found a glowing drain.
  3541 | D:5      | Reached skill level 1 in Spellcasting
  3547 | Sewer    | Entered a sewer
  3877 | Sewer    | Lost mutation: You sometimes lose the ability to read
                  | scrolls when taking damage. [potion of mutation]
  3877 | Sewer    | Lost mutation: Your flesh is cold resistant. (rC+) [potion
                  | of mutation]
  3877 | Sewer    | Lost mutation: You are frail. (-10% HP) [potion of
                  | mutation]
  3877 | Sewer    | Gained mutation: You often lose your temper in combat.
                  | [potion of mutation]
  3877 | Sewer    | Gained mutation: You expend magic power (3 MP) to
                  | strengthen your wands. [potion of mutation]
  3920 | Sewer    | Gained mutation: You are mostly covered in yellow scales.
                  | (AC +3) [demonic ancestry]
  3920 | Sewer    | Reached XP level 8. HP: 27/63 MP: 9/11
  4397 | D:6      | Reached skill level 5 in Armour
  4400 | D:6      | Paralysed by an orc for 2 turns
  5015 | D:6      | Reached XP level 9. HP: 71/71 MP: 14/14
  5027 | D:6      | Found a staircase to the Ecumenical Temple.
  5051 | Temple   | Entered the Ecumenical Temple
  5240 | Temple   | Learned a level 2 spell: Blink
  5246 | Temple   | Learned a level 5 spell: Manifold Assault
  5366 | Temple   | Became a worshipper of Ru the Awakened
  5509 | D:6      | Reached skill level 1 in Translocations
  5550 | D:6      | Noticed Menkaure
  5559 | D:6      | Killed Menkaure
  5781 | D:7      | Reached skill level 5 in Staves
  7037 | D:8      | Gained mutation: Spells you cast may paralyse nearby
                  | enemies. [demonic ancestry]
  7037 | D:8      | Reached XP level 10. HP: 43/79 MP: 17/17
  7116 | D:8      | Reached skill level 5 in Spellcasting
  7684 | D:8      | Noticed a two-headed ogre
  8589 | D:8      | Killed a two-headed ogre
  9078 | D:9      | Learned a level 1 spell: Sting
  9403 | D:9      | Reached skill level 1 in Poison Magic
  9405 | D:9      | Reached skill level 5 in Translocations
  9938 | D:10     | Entered Level 10 of the Dungeon
 10055 | D:10     | Noticed Nergalle
 10107 | D:10     | Killed from afar by Nergalle

Illustrated notes

Levels and vault maps discovered:
D:1:      minmay_arrival_solitary_statue, layout_basic,
          minmay_large_rounded_square, minmay_misc_feat_square,
          minmay_misc_feat_rows, minmay_tromino_i2
D:2:      layout_loops_ring, basic_altar, uniq_crazy_yiuf_cottage, uniq_jessica
D:3:      layout_basic
D:4:      layout_basic
D:5:      layout_rooms, trog_hazing_becter, portal_sewer_entry_a,
          chequers_big_river, minmay_crystal_water
D:6:      layout_basic, minmay_temple_entry_proselytizer, minmay_door_square,
          st_stairs_13, uniq_menkaure
D:7:      layout_basic, serial_bayou_crossing
D:8:      layout_basic, serial_corexii_hall, chequers_hall_statues_corner_a,
          chequers_hall_statues_corner_a
D:9:      layout_loops_corners
D:10:     layout_small_grid, minmay_lair_entry_grove, uniq_nergalle
Temple:   mainiacjoe_temple_hex_bubbles

Skill      XL: |  1  2  3  4  5  6  7  8  9 10 |
---------------+-------------------------------+-----
Maces & Flails | 2 3 |  3.0
Shields        | 3 |  3.6
Dodging        | 1 2 |  2.5
Fighting       | 4 5 6 7 8 |  8.1
Staves         | 2 3 4 5 6 |  6.2
Armour         | 3 4 5 7 8 |  8.3
Spellcasting   | 2 3 4 5 |  5.7
Translocations | 3 5 |  5.5
Poison Magic   | 2 |  2.0

Action                   |  1- 3 |  4- 6 |  7- 9 | 10-12 || total
-------------------------+-------+-------+-------+-------++-------
Melee: Flail             |   123 |   116 |       |       ||   239
       Quarterstaff      |       |    61 |   370 |   200 ||   631
Throw: Dart              |       |     4 |     9 |     5 ||    18
 Cast: Blink             |       |       |     1 |     8 ||     9
       Sting             |       |       |       |    10 ||    10
Invok: Reject Sacrifices |       |       |     1 |       ||     1
Evoke: Wand              |       |       |     1 |     2 ||     3
  Use: Potion            |       |     4 |     5 |     5 ||    14
       Scroll            |       |     4 |     9 |     4 ||    17
 Stab: Paralysed         |       |     3 |     4 |    10 ||    17
       Petrified         |       |       |     2 |       ||     2
       Distracted        |       |       |     1 |       ||     1
       Confused          |       |       |       |     1 ||     1
Armor: Scale mail        |    22 |       |    89 |    51 ||   162
       Chain mail        |    80 |   124 |   193 |       ||   397
       Ring mail         |       |       |       |    91 ||    91
Dodge: Dodged            |    59 |    69 |   178 |   157 ||   463
Block: Buckler           |    39 |    28 |       |       ||    67
